[Event "Betsys MČR v online bleskovém šachu 2021"]
[Site "Chess.com"]
[Date "2021.04.17"]
[Round "10"]
[White "CzechMerlin"]
[Black "vozmenmarcel"]
[Result "0-1"]
[WhiteElo "1659"]
[BlackElo "1869"]
[TimeControl "180+1"]
[EndTime "10:40:13 PDT"]
[Termination "Uživatel vozmenmarcel zvítězil po vzdání soupeře"]

1. d4 Nf6 2. c4 g6 3. Nc3 d5 4. Bg5 c6 5. c5 Ne4 6. Nxe4 dxe4 7. e3 Bg7 8. Bc4 Qa5+ 9. Kf1 O-O 10. Ne2 e6 11.
Nc3 f5 12. Qb3 Re8 13. h3 b5 14. Be2 h6 15. Bf4 Kh7 16. Kg1 Nd7 17. Kh2 e5 18. Bg3 exd4 19. exd4 Nf6 20. Be5 Be6 21. Qc2 Rad8 22.
Rhd1 Bd5 23. a3 Re6 24. b4 Qa6 25. a4 Qb7 26. axb5 cxb5 27. Ra5 a6 28. Rda1 Nd7 29. Bxg7 Kxg7 30. Nxd5 Qxd5 31. Rxa6 Rxa6 32. Rxa6 Qxd4 33.
Bxb5 Nf6 34. Qb2 Qxb2 0-1

[Event "Betsys MČR v online bleskovém šachu 2021"]
[Site "Chess.com"]
[Date "2021.04.17"]
[Round "10"]
[White "Daffac"]
[Black "milanpetras"]
[Result "1-0"]
[WhiteElo "2086"]
[BlackElo "1844"]
[TimeControl "180+1"]
[EndTime "10:40:14 PDT"]
[Termination "Uživatel Daffac zvítězil na čas"]

1. Nf3 Nf6 2. d4 g6 3. g3 Bg7 4.
Bg2 O-O 5. O-O d6 6. a4 Nbd7 7.
Re1 e5 8. e4 Re8 9. Nc3 exd4 10.
Nxd4 a6 11. h3 Nf8 12. a5 Ne6 13. Be3 Nc5 14. f3 Ne6 15. Kh2 Nxd4 16. Bxd4 Be6 17.
Qd2 Qd7 18. Ne2 h5 19. Qc3 Qe7 20. Nf4 Rec8 21. e5 Ne8 22. Nxe6 fxe6 23. exd6 cxd6 24.
Qd3 e5 25. Bb6 Qf6 26. Qd5+ Kh7 27. c3 Rc6 28. Qd3 Qf5 29. Rad1 Rac8 30. f4 exf4 31.
Qxf5 gxf5 32. Bxc6 bxc6 33. gxf4 Nf6 34. Rxd6 Nd5 35.
Rd7 Rb8 36. Rg1 Rg8 37. Bd4 1-0

[Event "Betsys MČR v online bleskovém šachu 2021"]
[Site "Chess.com"]
[Date "2021.04.17"]
[Round "10"]
[White "vit_rosenbaum"]
[Black "pedroholly22"]
[Result "0-1"]
[WhiteElo "2257"]
[BlackElo "2403"]
[TimeControl "180+1"]
[EndTime "10:40:15 PDT"]
[Termination "Uživatel pedroholly22 zvítězil po vzdání soupeře"]

1. e4 c5 2. Nc3 a6 3. g3 b5 4. Bg2 Bb7 5. Nge2 e6 6. O-O Nf6 7.
e5 Bxg2 8. Kxg2 Ng4 9. d4 cxd4 10. Qxd4 h5 11. h3 Nc6 12. Qe4 Ngxe5 13. Bf4 d5 14. Qe3 Nc4 15. Qf3 Be7 16. b3 N4e5 17. Qe3 Ng6 18.
Rad1 O-O 19. Qf3 h4 20. g4 Bf6 21. Rfe1 Qa5 22. Bd2 Qc7 23. g5 Be7 24. Qh5 b4 25. Na4 Rac8 26. Be3 Rb8 27. Nc5 d4 28. Nxd4 Nxd4 29.
Bxd4 Nf4+ 0-1

[Event "Betsys MČR v online bleskovém šachu 2021"]
[Site "Chess.com"]
[Date "2021.04.17"]
[Round "10"]
[White "czechfant94"]
[Black "maelic"]
[Result "1-0"]
[WhiteElo "1606"]
[BlackElo "1765"]
[TimeControl "180+1"]
[EndTime "10:40:16 PDT"]
[Termination "Uživatel czechfant94 zvítězil po vzdání soupeře"]

1. e4 e6 2. d4 d5 3. Nd2 Nf6 4. Bd3 Be7 5. Ngf3 O-O 6. O-O Nbd7 7. c3 c6 8. Nb3 Nxe4 9. Bxe4 dxe4 10. Ne5 Nxe5 11.
dxe5 Qxd1 12. Rxd1 f5 13. Bf4 b6 14. Re1 Ba6 15.
g4 g6 16. gxf5 exf5 17. Rad1 Rad8 18. Nd4 Bc8 19. Nxc6 Rde8 20. Nxa7 g5 21. Bc1 Bb7 22. Nb5 f4 23. Nd6 Bxd6 24. Rxd6 Rxe5 25. Rxb6 Rf7 26. Rb4 Rfe7 27. Kg2 e3+ 28. Kf1 Ba6+ 29. c4 e2+ 30. Kg1 f3 31. b3 Rd7 32.
Rb8+ Kf7 33. Ba3 Rd1 34. Rf8+ Kg6 35. Bb4 Rxe1+ 36. Bxe1 Re7 37. Rd8 g4 38. Rd6+ Kf5 39. Rxa6 Rd7 40. Ra5+ Ke4 41. Rd5 Rxd5 42. cxd5 Kxd5 43.
h3 h5 44. Kh2 Ke4 45. hxg4 hxg4 46. Kg3 Kd3 47. Kxg4 Kc2 48. Kxf3 Kd1 49. Ba5 e1=Q 50. Bxe1 Kxe1 51. Ke3 Kd1 1-0

[Event "Betsys MČR v online bleskovém šachu 2021"]
[Site "Chess.com"]
[Date "2021.04.17"]
[Round "10"]
[White "Rozmetal"]
[Black "NeumanPetr"]
[Result "0-1"]
[WhiteElo "2142"]
[BlackElo "2468"]
[TimeControl "180+1"]
[EndTime "10:40:19 PDT"]
[Termination "Uživatel NeumanPetr zvítězil na čas"]

1. e4 d6 2. d4 Nf6 3. Nc3 e5 4. Nf3 Nbd7 5. g4 Nxg4 6. Rg1 Ngf6 7. Be3 c6 8. Qd2 g6 9. O-O-O Qe7 10. Bc4 Bg7 11. Ng5 O-O 12. f4 b5 13. dxe5 dxe5 14.
Bb3 a5 15. a4 b4 16. Ne2 exf4 17.
Nxf4 Ne5 18. h4 Bg4 19. Rdf1 Kh8 20. Qf2 h6 21. Bc5 Qc7 22. Bxf8 Rxf8 23. Qc5 hxg5 24. hxg5 Nh5 25. Rh1 Kg8 0-1

[Event "Betsys MČR v online bleskovém šachu 2021"]
[Site "Chess.com"]
[Date "2021.04.17"]
[Round "10"]
[White "kalcs"]
[Black "Lisak007"]
[Result "1-0"]
[WhiteElo "2076"]
[BlackElo "1826"]
[TimeControl "180+1"]
[EndTime "10:40:19 PDT"]
[Termination "Uživatel kalcs zvítězil na čas"]

1. e4 c5 2. Nf3 Nc6 3. d4 cxd4 4. Nxd4 Nf6 5. Nc3 e6 6. Be2 Bb4 7. f3 d5 8. Nxc6 bxc6 9. e5 Nd7 10. f4 Bxc3+ 11.
bxc3 O-O 12. O-O f6 13. exf6 Qxf6 14. Bd2 Rb8 15. Bd3 Nc5 16. Qe2 Na4 17. Qe3 c5 18. Qh3 g6 19. Qg3 Rb2 20. c4 d4 21. Qf3 Bb7 22. Qg3 Bc6 23. f5 exf5 24. Rxf5 Qg7 25. Rxf8+ Kxf8 26. Rf1+ Kg8 27. Qd6 1-0

[Event "Betsys MČR v online bleskovém šachu 2021"]
[Site "Chess.com"]
[Date "2021.04.17"]
[Round "10"]
[White "Richter_Rudolf"]
[Black "Jindrich4321"]
[Result "0-1"]
[WhiteElo "1428"]
[BlackElo "1934"]
[TimeControl "180+1"]
[EndTime "10:40:19 PDT"]
[Termination "Uživatel Jindrich4321 zvítězil po vzdání soupeře"]

1. d4 f5 2. c4 Nf6 3. Nc3 d6 4. Nf3 g6 5. Bg5 Nbd7 6. Qc2 Bg7 7. O-O-O O-O 8. e4 fxe4 9. Nxe4 Nxe4 10. Qxe4 Nf6 11. Bxf6 exf6 12. Bd3 f5 13. Qf4 Bd7 14. Rhe1 Qf6 15. Qg5 Qxg5+ 16. Nxg5 Rae8 17. Nf3 Bc6 18. Rxe8 Rxe8 19. Re1 Rxe1+ 20. Nxe1 Bxd4 21. f3 Kf7 22. Nc2 Bf6 23. Nb4 Bd7 24. Nd5 Bd8 25. Kd2 c6 26.
Nc3 Bf6 27. f4 Be6 28. g3 h6 29. Be2 Bd4 30. Bf3 Bg1 31. h3 Bxc4 32. Ne2 Bb6 33. b3 Be6 34. Kd3 d5 35. Nd4 Bd7 36. b4 Bxd4 37. Kxd4 Ke6 38. a4 Kd6 39. Be2 b6 40. Ba6 c5+ 41. bxc5+ bxc5+ 42. Kd3 Bxa4 0-1

[Event "Betsys MČR v online bleskovém šachu 2021"]
[Site "Chess.com"]
[Date "2021.04.17"]
[Round "10"]
[White "Pokemonchess"]
[Black "AJedlicka"]
[Result "1/2-1/2"]
[WhiteElo "1959"]
[BlackElo "2192"]
[TimeControl "180+1"]
[EndTime "10:40:22 PDT"]
[Termination "Remíza opakováním pozice"]

1. e4 c5 2. Nf3 d6 3. d4 cxd4 4. Nxd4 Nf6 5. Nc3 a6 6. Bc4 e6 7. Bb3 Nbd7 8. Be3 Nc5 9. f3 Be7 10. O-O O-O 11. Nde2 Qc7 12. Ng3 b5 13. Nce2 a5 14.
a3 a4 15. Ba2 Bb7 16. Nd4 Qa5 17. Re1 b4 18. Bd2 Na6 19. axb4 Nxb4 20. c3 Nxa2 21. Rxa2 Qb6 22. Kh1 Bc6 23. Be3 Qb7 24. Qd2 d5 25. e5 Nd7 26. f4 Bb5 27. Bf2 Bc4 28.
Raa1 Rfb8 29. Reb1 Nc5 30. f5 exf5 31. Ngxf5 Bf8 32.
Qe3 Ne4 33. Bh4 Qb6 34. Qf4 Qg6 35. Be7 a3 36. Bxf8 Kxf8 37. e6 axb2 38. Rxa8 Rxa8 39. e7+ Kg8 40. Qc7 Nf2+ 41. Kg1 Nh3+ 42. Kh1 Nf2+ 43.
Kg1 Nh3+ 44. Kh1 Nf2+ 1/2-1/2

[Event "Betsys MČR v online bleskovém šachu 2021"]
[Site "Chess.com"]
[Date "2021.04.17"]
[Round "10"]
[White "pepca"]
[Black "psvoboda72"]
[Result "1-0"]
[WhiteElo "1539"]
[BlackElo "1689"]
[TimeControl "180+1"]
[EndTime "10:40:25 PDT"]
[Termination "Uživatel pepca zvítězil na čas"]

1. e4 e5 2. Nf3 Nc6 3. d4 exd4 4. Nxd4 Nf6 5. Nc3 Bc5 6. Be3 O-O 7. Nxc6 bxc6 8. Bxc5 Re8 9. Bd3 d5 10. f3 dxe4 11.
fxe4 Bg4 12. Qc1 Qc8 13. O-O Qe6 14. Qf4 Nh5 15. Qxc7 Rac8 16. Qxa7 Nf6 17. Qa4 Qe5 18.
Bd4 Qg5 19. Bxf6 gxf6 20. Qd4 Re6 21. Ne2 Bh3 22. Qf2 Rce8 23. Nf4 Bxg2 24. Qxg2 Qxg2+ 25. Kxg2 Re5 26. Rg1 Kh8 27. Kh1 Rc5 28. Raf1 Ra5 29. Ne2 Rxa2 30. Rxf6 Rxb2 31. Rxf7 Rb6 32. Rgg7 Ra8 33.
Rxh7+ Kg8 34. Rhg7+ Kh8 35. Nf4 1-0

[Event "Betsys MČR v online bleskovém šachu 2021"]
[Site "Chess.com"]
[Date "2021.04.17"]
[Round "10"]
[White "androidddd"]
[Black "Petr_Zacek"]
[Result "1-0"]
[WhiteElo "1462"]
[BlackElo "1738"]
[TimeControl "180+1"]
[EndTime "10:40:26 PDT"]
[Termination "Uživatel androidddd zvítězil matem"]

1. e4 e6 2. d4 d5 3. Nc3 Bb4 4.
exd5 exd5 5. Bd3 Nf6 6. Ne2 O-O 7. O-O Bg4 8. f3 Bh5 9. Ng3 Bg6 10. Bg5 c6 11. a3 Bd6 12. Nf5 Bc7 13. Ne2 Nbd7 14. Neg3 Bb6 15. c3 c5 16. Kh1 c4 17. Bc2 Qc7 18.
Qd2 Rfe8 19. Rae1 Nf8 20. Bxf6 gxf6 21. Qh6 Ne6 22. Nh5 Bxh5 23. Qxh5 Qf4 24. Nh6+ Kh8 25.
Nxf7+ Kg8 26. Qxh7+ Kf8 27. Nh6 Qc7 28. Qg8+ Ke7 29.
Qxe6+ Kd8 30. Qxe8# 1-0

[Event "Betsys MČR v online bleskovém šachu 2021"]
[Site "Chess.com"]
[Date "2021.04.17"]
[Round "10"]
[White "rakintsev"]
[Black "MametevArtem097"]
[Result "0-1"]
[WhiteElo "1738"]
[BlackElo "1995"]
[TimeControl "180+1"]
[EndTime "10:40:27 PDT"]
[Termination "Uživatel MametevArtem097 zvítězil po vzdání soupeře"]

1. e4 c5 2. Nf3 Nc6 3. Bc4 e6 4. O-O d5 5. exd5 exd5 6. Bb3 Nf6 7. a4 Be7 8. d3 O-O 9. Nc3 Bg4 10. h3 Bh5 11. Qd2 Bxf3 12. gxf3 Nd4 13. Qf4 Bd6 14.
Qe3 Re8 15. Ne4 dxe4 16. fxe4 Bf4 17. Qxf4 Ne2+ 18. Kh2 Nxf4 19. Bxf4 Nh5 20. Bg3 Nxg3 21. fxg3 Re7 22. Rf4 Qd4 23. Raf1 Rf8 24. Rf5 Qxb2 25. Rxc5 b6 26. Rcf5 Rc7 27. R5f2 g6 28. h4 Qc3 29. Kh3 Kg7 30. h5 Re7 31. Kh4 Qe5 32. g4 g5+ 33. Kh3 a5 34. h6+ Kxh6 35. Rh1 Kg7 36. Rf5 Qc3 37. Rxg5+ Kf6 38. Rf5+ Kg6 39. Kg3 Qd2 40.
Rhh5 Qe1+ 41. Kg2 Qe2+ 42. Kg1 Qxg4+ 43. Kh1 Qxh5+ 44. Rxh5 Kxh5 45. Kh2 f5 46. exf5 Rxf5 0-1

[Event "Betsys MČR v online bleskovém šachu 2021"]
[Site "Chess.com"]
[Date "2021.04.17"]
[Round "10"]
[White "Ondre2836"]
[Black "Kijonker"]
[Result "0-1"]
[WhiteElo "1238"]
[BlackElo "1480"]
[TimeControl "180+1"]
[EndTime "10:40:29 PDT"]
[Termination "Uživatel Kijonker zvítězil na čas"]

1. e4 e6 2. d4 d5 3. Nc3 Ne7 4. e5 Nf5 5. Nf3 c5 6. Bf4 Qb6 7. Be3 Nxe3 8. fxe3 Nc6 9. Bd3 c4 10. Be2 Qxb2 11. Na4 Qb4+ 12. Kf1 Qxa4 13. Qd2 Bb4 14. Qd1 Bc3 15. Rb1 Qxa2 16. Kf2 Qa5 17. Qc1 Bb4 18. Qb2 c3 19. Qb3 Qa3 20. Qxa3 Bxa3 21. Bb5 Bd7 22. Bd3 Nb4 23. Ke2 Nxd3 24. Kxd3 Bb2 25. Rxb2 cxb2 26. Rb1 Bb5+ 27. Kd2 Rc8 28. Rxb2 Ba6 29. h4 O-O 30. g4 Rc6 31. g5 Rb6 32. Ra2 Rc8 33. h5 Rbc6 34. Rb2 b5 0-1

[Event "Betsys MČR v online bleskovém šachu 2021"]
[Site "Chess.com"]
[Date "2021.04.17"]
[Round "10"]
[White "Drak1961"]
[Black "RousekJan"]
[Result "1-0"]
[WhiteElo "2065"]
[BlackElo "1810"]
[TimeControl "180+1"]
[EndTime "10:40:30 PDT"]
[Termination "Uživatel Drak1961 zvítězil na čas"]

1. d4 d5 2. Nf3 Nc6 3. g3 Nf6 4. Bg2 g6 5. O-O Bg7 6. b3 O-O 7. Bb2 Bd7 8. c4 Qc8 9. Nc3 dxc4 10. bxc4 Bh3 11. d5 Bxg2 12. Kxg2 Nd8 13. Qc2 c6 14. Rac1 cxd5 15. cxd5 Qd7 16. e4 Rc8 17. Qb3 b6 18.
e5 Ne8 19. Rfe1 f6 20. e6 Qb7 21. Ba3 f5 22. d6 Bxc3 23. dxe7 Rf6 24. exd8=Q Rxd8 25. Qxc3 g5 26. Qc6 Qxc6 27. Rxc6 Rd3 28. Be7 g4 29. Ng5 Rg6 30. Rc8 Kg7 31. Rxe8 f4 32.
gxf4 h5 33. f5 Rh6 34. Bf8+ Kf6 35. Bxh6 Kxf5 36. Rf8+ Kg6 37. e7 g3 38. e8=Q+ 1-0

[Event "Betsys MČR v online bleskovém šachu 2021"]
[Site "Chess.com"]
[Date "2021.04.17"]
[Round "10"]
[White "DominikS3"]
[Black "Kamilotka"]
[Result "1/2-1/2"]
[WhiteElo "1343"]
[BlackElo "1594"]
[TimeControl "180+1"]
[EndTime "10:40:31 PDT"]
[Termination "Remíza opakováním pozice"]

1. d4 d5 2. c4 e6 3. Nc3 Nf6 4. Nf3 Be7 5. Bg5 O-O 6. e3 h6 7.
Bh4 dxc4 8. Bxc4 b6 9. O-O Bb7 10. Rc1 Nh7 11. Bxe7 Qxe7 12. Be2 Nd7 13. Nb5 c6 14.
Nc3 Ng5 15. Nxg5 Qxg5 16. Bf3 Nf6 17. a3 Nd5 18. Nxd5 cxd5 19. Rc7 Ba6 20. Re1 Rac8 21.
Qc2 Rxc7 22. Qxc7 Ra8 23. h3 Qd8 24. Qxd8+ Rxd8 25. Rc1 Bc4 26. Bd1 a5 27. b3 Bb5 28.
a4 Be8 29. Be2 Rd7 30. Bb5 Re7 31. Bxe8 Rxe8 32. Rc6 Rb8 33. Kf1 Kf8 34. Ke2 Ke7 35. Rc7+ Ke8 36. Ra7 Rc8 37. Ra6 Rc6 38. Kd3 Kd7 39. f3 Kc8 40. Ra7 Rc7 41. Rxc7+ Kxc7 42. e4 Kd6 43. e5+ Kd7 44. f4 f6 45. g4 Ke7 46.
exf6+ gxf6 47. Ke3 Kf7 48. f5 e5 49. dxe5 fxe5 50. Kd3 Kf6 51. Ke3 Kg5 52. Kd3 Kf6 53. Ke3 Kg5 54. Kd3 Kf6 1/2-1/2

[Event "Betsys MČR v online bleskovém šachu 2021"]
[Site "Chess.com"]
[Date "2021.04.17"]
[Round "10"]
[White "JonasFadrny"]
[Black "Newyork6"]
[Result "1-0"]
[WhiteElo "737"]
[BlackElo "329"]
[TimeControl "180+1"]
[EndTime "10:40:31 PDT"]
[Termination "Uživatel JonasFadrny zvítězil matem"]

1. e4 d6 2. Nf3 e6 3. Nc3 Be7 4. d4 Nf6 5. Bf4 O-O 6. Bc4 b6 7. O-O Bb7 8. Re1 c6 9. Bd3 a6 10. Be3 Kh8 11. Qd2 g6 12. Rad1 g5 13. a3 Rg8 14. b3 Qf8 15. b4 g4 16. Nh4 g3 17.
fxg3 Qg7 18. Bf2 Nh5 19. Be2 Nxg3 20. hxg3 Bxh4 21. gxh4 e5 22. Bf3 f6 23. d5 h5 24.
dxc6 d5 25. cxb7 Ra7 26. Bxb6 Ra8 27. bxa8=Q Nd7 28. Qaxd5 Nc5 29. Bxc5 a5 30. bxa5 Qg6 31. a6 f5 32. exf5 Qg3 33. Qxe5+ Rg7 34. Qxg3 Rxg3 35. Qd8+ Rg8 36. Bd4+ Kh7 37. Re7+ Kh6 38. Be3+ Rg5 39.
Bxg5# 1-0

[Event "Betsys MČR v online bleskovém šachu 2021"]
[Site "Chess.com"]
[Date "2021.04.17"]
[Round "10"]
[White "JuliliaR"]
[Black "ZdenekRomanek"]
[Result "1-0"]
[WhiteElo "1413"]
[BlackElo "1561"]
[TimeControl "180+1"]
[EndTime "10:40:32 PDT"]
[Termination "Uživatel JuliliaR zvítězil matem"]

1. d4 e6 2. c4 d5 3. Nf3 Nf6 4.
Nc3 Be7 5. Bf4 c6 6. cxd5 exd5 7. e3 O-O 8. Bd3 Nbd7 9. O-O Nh5 10. Bg3 Nxg3 11.
hxg3 Nf6 12. Rb1 Re8 13. b4 a6 14. a4 Bd6 15. b5 Ne4 16. Qc2 Nxc3 17. Qxc3 cxb5 18.
axb5 Bd7 19. bxa6 bxa6 20. Qb3 Be6 21. Rfc1 a5 22. Nd2 Bb4 23. Nf3 Qd7 24. Ne5 Qb7 25. Qa4 f6 26. Nf3 Reb8 27. Rc2 Bd7 28. Qa2 Bb5 29.
Rbc1 Bxd3 30. Rc7 Qb5 31. R1c6 Bc4 32. Qb1 h6 33. Qg6 Rf8 34. Qxg7# 1-0

[Event "Betsys MČR v online bleskovém šachu 2021"]
[Site "Chess.com"]
[Date "2021.04.17"]
[Round "10"]
[White "AdeeJa"]
[Black "LightningAttack_2000"]
[Result "0-1"]
[WhiteElo "1645"]
[BlackElo "1884"]
[TimeControl "180+1"]
[EndTime "10:40:33 PDT"]
[Termination "Uživatel LightningAttack_2000 zvítězil matem"]

1. e4 c5 2. Nc3 Nc6 3. Bb5 Nd4 4.
Bc4 a6 5. d3 b5 6. Bd5 Rb8 7.
Nf3 e6 8. Bb3 Be7 9. Nxd4 cxd4 10. e5 dxc3 11. bxc3 Qc7 12. O-O Qxe5 13. f4 Qc7 14. f5 Nf6 15. Bg5 O-O 16. Kh1 h6 17. Bh4 Bb7 18. Qe2 a5 19. Rae1 a4 20. fxe6 axb3 21. exd7 Qxd7 22. Qxe7 Qxe7 23. Rxe7 bxa2 24. Ra1 Nd5 25. Rd7 Nxc3 26. Bg3 Bc6 27. Rc7 Rbc8 28. Ra7 Rfe8 29. Be1 b4 30. h3 Re2 31. Bxc3 bxc3 32.
R7xa2 Rxg2 33. d4 Rxc2+ 34. Kg1 Rxa2 35. Rxa2 Bd5 36. Rc2 Be4 37. Rc1 c2 38. Kf2 Rb8 39.
Ke3 Rb1 40. Kd2 Rxc1 41. Kxc1 Kf8 42. d5 Ke7 43. h4 Kd6 44. h5 Kxd5 45. Kd2 f5 46.
Kc1 f4 47. Kd2 f3 48. Kc1 f2 49. Kd2 f1=N+ 50. Kc1 Ng3 51. Kd2 Kd4 52. Kc1 Ne2+ 53. Kd2 c1=Q+ 54. Kxe2 Qe3+ 55. Kf1 Qf3+ 56. Ke1 Qg3+ 57.
Kf1 Bd3# 0-1

[Event "Betsys MČR v online bleskovém šachu 2021"]
[Site "Chess.com"]
[Date "2021.04.17"]
[Round "10"]
[White "Bolavey_Kotnik"]
[Black "Herracek"]
[Result "0-1"]
[WhiteElo "2360"]
[BlackElo "2610"]
[TimeControl "180+1"]
[EndTime "10:40:34 PDT"]
[Termination "Uživatel Herracek zvítězil po vzdání soupeře"]

1. e4 c5 2. Nf3 Nc6 3. Bb5 g6 4.
O-O Bg7 5. c3 Nf6 6. Re1 O-O 7.
d4 d5 8. e5 Ne4 9. h3 Qb6 10. Bd3 cxd4 11. cxd4 Bf5 12. Nc3 Rfd8 13. Ne2 Rac8 14. a3 Nxe5 15. Nxe5 Bxe5 16. Be3 Bg7 17. b4 Rc7 18. g4 Bd7 19. Nf4 e6 20. Bf1 Rdc8 21. Bg2 Nc3 22. Qf3 Bxd4 23. h4 Bxe3 24.
Rxe3 Ne4 25. h5 Rc2 26. Rf1 Qd4 27. h6 R8c3 28. Nd3 Bb5 29. Rd1 Bxd3 30. Rdxd3 Rxd3 31. Rxd3 Qxf2+ 32. Qxf2 Nxf2 33. Bxd5 Nxd3 0-1

[Event "Betsys MČR v online bleskovém šachu 2021"]
[Site "Chess.com"]
[Date "2021.04.17"]
[Round "10"]
[White "valid88"]
[Black "pohoda1966"]
[Result "1/2-1/2"]
[WhiteElo "1375"]
[BlackElo "1721"]
[TimeControl "180+1"]
[EndTime "10:40:34 PDT"]
[Termination "Remíza opakováním pozice"]

1. d4 d5 2. c4 c6 3. Nc3 Nf6 4. e3 e6 5. Nf3 a6 6. Bd3 dxc4 7. Bxc4 b5 8. Bb3 Bb7 9. Bd2 Nbd7 10. O-O c5 11.
dxc5 Bxc5 12. Ne2 Bxf3 13. gxf3 O-O 14. Ng3 Ne5 15. Bc3 Qc7 16. f4 Nc4 17. Bxf6 gxf6 18. Qg4+ Kh8 19. Qh3 Rg8 20. Bc2 f5 21. Kh1 Qb7+ 22.
f3 Nd2 23. Nxf5 exf5 24. Bxf5 Rg7 25. Rf2 Bxe3 26. Rg2 Rag8 27. Qh4 Nxf3 28. Qf6 Nh4 29. Rg1 Bxg1 30. Bh3 Qd5 31. Kxg1 Qd1+ 32. Kf2 Ng6 33.
f5 Qc2+ 34. Kf3 Qd3+ 35. Kf2 Qc2+ 36. Kf3 Qd3+ 37. Kf2 Qc2+ 1/2-1/2

[Event "Betsys MČR v online bleskovém šachu 2021"]
[Site "Chess.com"]
[Date "2021.04.17"]
[Round "10"]
[White "Vesselovsky52"]
[Black "kubaches123"]
[Result "1-0"]
[WhiteElo "2330"]
[BlackElo "2099"]
[TimeControl "180+1"]
[EndTime "10:40:35 PDT"]
[Termination "Uživatel Vesselovsky52 zvítězil po vzdání soupeře"]

1. e4 e5 2. Nc3 Nf6 3. Bc4 Nc6 4. d3 Na5 5. Nge2 Nxc4 6. dxc4 Be7 7. O-O d6 8. Ng3 O-O 9. f4 exf4 10. Bxf4 Be6 11. b3 Nd7 12. Nd5 Bxd5 13. Qxd5 Bf6 14. Rae1 Be5 15.
Qxb7 Re8 16. Qd5 Bxf4 17. Rxf4 Ne5 18. c5 dxc5 19. Qxc5 f6 20. Rff1 Qe7 21. Qd5+ Qf7 22. Nf5 Rad8 23. Qxf7+ Kxf7 24. Rd1 g6 25. Ne3 c6 26. h3 Ke6 27. Kf2 a5 28. a4 h5 29.
Ke2 Rd7 30. Rxd7 Nxd7 31. Nc4 Ra8 32. Rd1 Ne5 33. Nxe5 Kxe5 34. Ke3 Rc8 35. Rd7 f5 36. exf5 Kxf5 37. Rf7+ Ke6 38. Ra7 c5 39. Rxa5 c4 40.
b4 c3 41. b5 Rd8 42. b6 1-0

[Event "Betsys MČR v online bleskovém šachu 2021"]
[Site "Chess.com"]
[Date "2021.04.17"]
[Round "10"]
[White "kol340"]
[Black "phil3"]
[Result "1-0"]
[WhiteElo "1881"]
[BlackElo "2107"]
[TimeControl "180+1"]
[EndTime "10:40:35 PDT"]
[Termination "Uživatel kol340 zvítězil po vzdání soupeře"]

1. d4 d5 2. Nf3 Nf6 3. Bf4 c5 4. e3 Nc6 5. c3 Qb6 6. Qb3 c4 7. Qxb6 axb6 8. Be2 b5 9. Nbd2 b4 10. O-O bxc3 11. bxc3 Bf5 12. Ne5 e6 13. f3 Ba3 14.
g4 Bc2 15. g5 Nh5 16. Nxc6 bxc6 17. Be5 f6 18. f4 fxe5 19. Bxh5+ g6 20. Bg4 Bb2 21.
Bxe6 Bxa1 22. Rxa1 exd4 23. exd4 Rf8 24. Nf3 Rxf4 25.
Ne5 Be4 26. Bd7+ Kf8 27. Bxc6 Ra3 28. Nd7+ Kg7 29. Nf6 Rxc3 30. Bxd5 Bxd5 31. Nxd5 Rg4+ 32. Kf2 Rc2+ 33. Kf3 Rxd4 34. Nb4 Rc3+ 35. Ke2 Ra3 36. Nc2 Re4+ 37. Kd2 Rd3+ 38. Kc1 Rh4 39. Kb2 Rxh2 40. a4 Rdd2 41. Rc1 Rd7 42. a5 Ra7 43. Ra1 Rb7+ 44. Kc3 Rb3+ 45. Kxc4 Rb8 46. Nb4 Rc8+ 47. Kb5 Rg2 48.
a6 Rxg5+ 49. Kb6 Rb8+ 50. Kc7 Rgb5 51. a7 R8b7+ 52. Kc6 Rxa7 53. Rxa7+ Kf6 54. Kxb5 1-0

[Event "Betsys MČR v online bleskovém šachu 2021"]
[Site "Chess.com"]
[Date "2021.04.17"]
[Round "10"]
[White "JJ95"]
[Black "Sandokanom"]
[Result "1/2-1/2"]
[WhiteElo "2011"]
[BlackElo "1766"]
[TimeControl "180+1"]
[EndTime "10:40:35 PDT"]
[Termination "Remíza – nedostatek materiálu"]

1. e4 c5 2. c3 e6 3. d4 cxd4 4. cxd4 Nf6 5. e5 Nd5 6. Bc4 Nb6 7. Bb3 Nc6 8. Nf3 Bb4+ 9. Bd2 O-O 10. O-O d5 11. a3 Be7 12. Be3 a5 13. Nc3 Bd7 14.
Bc2 Nc4 15. Qd3 g6 16. Rab1 Nxe3 17. fxe3 f5 18. Rbc1 Rc8 19. Nb5 Qb6 20. Bb1 Nxe5 21.
Nxe5 Bxb5 22. Qb3 a4 23. Qd1 Rxc1 24. Qxc1 Bxf1 25. Nd7 Qc6 26. Qxc6 bxc6 27. Nxf8 Bxf8 28. Kxf1 Kf7 29. Bc2 c5 30. dxc5 Bxc5 31. Ke2 d4 32.
exd4 Bxd4 33. Bxa4 Bxb2 34. Bb3 Bxa3 35. g3 Bd6 36.
Ke3 Kf6 37. Kf3 h5 38. h4 g5 39. hxg5+ Kxg5 40. Bc2 h4 41. gxh4+ Kxh4 42. Bd3 Kg5 43. Bc2 e5 44. Bd3 e4+ 45. Bxe4 fxe4+ 46. Kxe4 1/2-1/2

[Event "Betsys MČR v online bleskovém šachu 2021"]
[Site "Chess.com"]
[Date "2021.04.17"]
[Round "10"]
[White "berny643"]
[Black "Ladislav1969"]
[Result "1-0"]
[WhiteElo "2576"]
[BlackElo "2320"]
[TimeControl "180+1"]
[EndTime "10:40:37 PDT"]
[Termination "Uživatel berny643 zvítězil po vzdání soupeře"]

1. d4 Nf6 2. c4 g6 3. Nc3 d5 4. Bg5 Ne4 5. Bh4 Nxc3 6. bxc3 dxc4 7. e3 Qd5 8. Nf3 Bg4 9. Be2 Nc6 10. O-O Bg7 11.
h3 Bf5 12. Nd2 Bd3 13. Bxd3 cxd3 14. Qb1 Na5 15. Qxd3 Bf6 16. Bxf6 exf6 17. Ne4 Ke7 18. Rab1 Nc4 19. Nc5 b6 20. e4 Qc6 21. Qxc4 bxc5 22. Rb5 Rhc8 23. d5 Qd6 24. Rxc5 c6 25. Rb1 Rc7 26. Qd4 Rac8 27. dxc6 Qxd4 28. cxd4 Kd6 29. Rbc1 Rxc6 30. Rxc6+ Rxc6 31. Rxc6+ Kxc6 32. Kf1 Kb5 33. Ke2 Kc4 34. d5 Kc5 35. Kd3 f5 36. f3 f4 37.
Kc3 f5 38. Kd3 g5 39. Kc3 fxe4 40. fxe4 h5 41. Kd3 g4 42. hxg4 hxg4 43. Kd2 Kd6 44. Kd3 Ke5 45. Ke2 a5 46. Kd3 a4 47. a3 Kd6 48. Kd4 Ke7 49. e5 Kd7 50. Ke4 f3 51. gxf3 g3 52. Ke3 1-0

[Event "Betsys MČR v online bleskovém šachu 2021"]
[Site "Chess.com"]
[Date "2021.04.17"]
[Round "10"]
[White "youhy"]
[Black "EXTREME_STRATEGY007"]
[Result "0-1"]
[WhiteElo "1751"]
[BlackElo "1341"]
[TimeControl "180+1"]
[EndTime "10:40:37 PDT"]
[Termination "Uživatel EXTREME_STRATEGY007 zvítězil na čas"]

1. d4 Nf6 2. Nf3 d5 3. c4 c6 4. g3 Bf5 5. Bg2 e6 6. O-O Nbd7 7. Nbd2 Bd6 8. Nh4 Bg6 9. b3 Qe7 10. Bb2 O-O-O 11. c5 Bc7 12. b4 Nh5 13. Qa4 a6 14. Qb3 f5 15. a4 Bf7 16. b5 g5 17. bxc6 bxc6 18. Nhf3 f4 19. Bc3 g4 20. Nh4 fxg3 21.
hxg3 Nxg3 22. Rfb1 Nb8 23. Qb7+ Kd7 24. fxg3 Ke8 25.
Qa7 Bxg3 26. Qxe7+ Kxe7 27. Nf5+ exf5 28. Rb7+ Rd7 29.
Rxd7+ Kxd7 30. Rf1 f4 0-1

[Event "Betsys MČR v online bleskovém šachu 2021"]
[Site "Chess.com"]
[Date "2021.04.17"]
[Round "10"]
[White "TommyLud"]
[Black "jhdghaka"]
[Result "1-0"]
[WhiteElo "2178"]
[BlackElo "1887"]
[TimeControl "180+1"]
[EndTime "10:40:39 PDT"]
[Termination "Uživatel TommyLud zvítězil matem"]

1. d4 Nf6 2. c4 e6 3. Nf3 b6 4. g3 Bb7 5. Bg2 Be7 6. O-O O-O 7.
Nc3 d6 8. Qc2 Nbd7 9. e4 e5 10. d5 a5 11. h3 Ne8 12. Be3 Nc5 13. b3 Bc8 14. Nd2 f5 15. exf5 Bxf5 16.
Nde4 Nxe4 17. Nxe4 Nf6 18. Nxf6+ Rxf6 19. Qd2 Qc8 20.
g4 Bd7 21. Rae1 Rf7 22. f4 Bh4 23. Re2 h5 24. f5 hxg4 25. hxg4 a4 26. Be4 axb3 27.
axb3 g6 28. Bg5 Bxg5 29. Qxg5 Rg7 30. f6 Qd8 31. Bxg6 Be8 32. f7+ Bxf7 33. Bxf7+ Kh8 34. Rh2+ Rh7 35. Rxh7+ Kxh7 36. Qg6+ Kh8 37. Qh6# 1-0